Map: Blueshift LE

Players

Scorpion - Winner!

  • Race: Zerg Zerg
  • League: Platinum
  • Spawn Location: 7:00

A.I. 1 (Medium)

  • Race: Terran Terran
  • Spawn Location: 1:00

VOD

Have the link to the VOD?

Description

Time

  • Played on: Aug. 11, 2018, 6:22 a.m.
  • Length: 13:44
Show
View Real Time Build Order
Export as new Build Order

Scorpion Zerg - Winner!

Build Orders: Hatch First, Swarm Host 

Get SALT Encoding   

  12  0:01  Drone  
  13  0:13  Drone  
  14  0:16  Overlord  
  14  0:20  Extractor  
  13  0:23  Drone  
  15  0:35  Drone  
  16  0:43  Drone  
  17  0:55  Drone  
  18  0:58  Hatchery  
  18  1:01  Drone  
  18  1:09  Extractor  
  17  1:15  Spawning Pool  
  17  1:18  Drone  
  17  1:21  Drone  
  18  1:29  Drone  
  19  1:39  Overlord  
  19  2:03  Zergling x4  
  21  2:11  Drone  
  21  2:12  Drone  
  21  2:13  Queen x2  
  21  2:15  Metabolic Boost  
  27  2:34  Drone x3  
  30  2:39  Hatchery  
  29  2:45  Drone  
  29  2:46  Drone  
  29  2:49  Overlord  
  31  3:02  Drone  
  31  3:03  Drone  
  33  3:06  Drone x2  
  35  3:15  Overlord  
  35  3:25  Queen  
  37  3:27  Drone x7  
  44  3:43  Baneling Nest  
  44  3:44  Drone x4  
  47  3:49  Overlord  
  47  3:58  Overlord x2  
  47  4:09  Queen  
  47  4:11  Drone x8  
  47  4:14  Lair  
  57  4:23  Evolution Chamber x2  
  55  4:35  Overlord x3  
  55  4:42  Zergling x16  
  55  4:45  Queen  
  65  4:52  Zerg Melee Weapons Level 1  
  65  4:57  Zergling x8  
  69  5:10  Queen  
  69  5:13  Queen  
  73  5:24  Drone x4, Hydralisk Den  
  73  5:25  Drone x7  
  83  5:29  Baneling  
  83  5:32  Baneling  
  83  5:38  Extractor  
  79  6:02  Drone x11  
  88  6:14  Drone x2  
  88  6:15  Drone x2  
  92  6:18  Extractor  
  91  6:27  Extractor  
  90  6:33  Grooved Spines, Extractor  
  90  6:35  Queen x2, Extractor  
  90  6:36  Queen  
  94  6:52  Zergling x18, Hatchery  
  102  7:00  Drone  
  103  7:15  Hydralisk  
  103  7:17  Overlord x2  
  103  7:18  Overlord x2  
  105  7:33  Zerg Melee Weapons Level 2  
  105  7:34  Zerg Ground Armor Level 1  
  105  7:36  Centrifical Hooks  
  105  7:42  Hydralisk x7  
  119  7:44  Infestation Pit  
  119  7:45  Zergling x6  
  121  8:01  Overlord x4  
  121  8:06  Zergling x18  
  130  8:17  Hatchery  
  129  8:36  Drone  
  129  8:37  Drone x5  
  129  8:38  Drone x2  
  137  8:43  Extractor  
  137  8:46  Hatchery  
  137  8:48  Extractor  
  134  8:54  Overlord x2  
  134  8:58  Hive  
  134  9:00  Muscular Augments  
  134  9:26  Hydralisk x6  
  134  9:28  Zerg Missile Weapons Level 1  
  134  9:30  Hydralisk x5  
  156  9:33  Zergling x28  
  170  9:44  Overlord x2  
  168  10:02  Swarm Host x9  
  168  10:03  Swarm Host x2  
  192  10:32  Hatchery  
  191  10:38  Ultralisk Cavern  
  191  10:41  Zerg Melee Weapons Level 3, Hatchery  
  188  10:43  Adrenal Glands  
  187  11:21  Zerg Ground Armor Level 2, Zergling x26  
  187  11:25  Chitinous Plating  
  185  11:37  Spire  
  181  11:53  Ultralisk  
  181  11:54  Ultralisk x3  
  188  12:24  Drone x8  
  196  12:31  Baneling  
  196  12:32  Baneling x9  
  196  12:33  Baneling x6  
  196  12:34  Baneling x4  
  196  12:53  Drone x3  
  197  13:07  Spine Crawler  
  197  13:08  Spore Crawler  
  197  13:10  Spine Crawler  
Show
View Real Time Build Order
Export as new Build Order

A.I. 1 (Medium) Terran 

Build Orders:  

Get SALT Encoding   

  12  0:00  SCV  
  13  0:13  SCV  
  14  0:18  Supply Depot  
  14  0:25  SCV  
  15  0:39  SCV  
  15  0:42  Barracks  
  16  0:47  Refinery  
  16  0:52  SCV  
  17  1:04  SCV  
  18  1:16  Supply Depot  
  18  1:28  Marine  
  19  1:33  Orbital Command, Barracks  
  19  1:42  Refinery  
  19  1:47  Barracks Tech Lab  
  19  2:04  Marine  
  20  2:10  Supply Depot  
  20  2:22  Marine  
  20  2:27  Marine  
  20  2:29  SCV  
  23  2:41  Marauder, SCV  
  23  2:42  Engineering Bay  
  26  2:47  Marine  
  27  2:53  SCV  
  27  2:56  Supply Depot  
  28  3:02  Marauder  
  30  3:06  SCV  
  30  3:07  Marine  
  32  3:18  SCV  
  33  3:23  Marauder  
  35  3:30  SCV  
  36  5:19  SCV, Barracks Tech Lab  
  37  5:21  Factory  
  37  5:24  Factory  
  37  5:26  Missile Turret  
  37  5:28  Missile Turret  
  37  5:31  SCV, Barracks  
  37  5:34  Supply Depot  
  38  5:39  Sensor Tower  
  38  5:48  Command Center, Bunker  
  38  5:55  Marine  
  37  5:59  Supply Depot  
  27  6:06  Factory Tech Lab  
  27  6:09  Marine, Armory  
  28  6:13  Factory Tech Lab, Starport  
  28  6:22  Marine  
  29  6:32  Barracks Reactor  
  29  6:36  Marine  
  30  6:48  Starport Tech Lab  
  30  6:49  Marine  
  31  7:00  SCV  
  32  7:03  Marine  
  32  7:04  SCV  
  32  7:07  Raven  
  36  7:11  Refinery  
  36  7:12  Missile Turret, SCV  
  36  7:15  Missile Turret  
  37  7:16  SCV, Refinery  
  37  7:17  Marauder  
  40  7:24  SCV  
  40  7:28  SCV  
  42  7:30  Siege Tank  
  42  7:37  SCV, Bunker  
  46  7:40  SCV  
  50  7:44  Siege Tank  
  50  7:49  SCV  
  50  7:50  Raven  
  53  7:52  SCV  
  54  8:01  SCV  
  54  8:02  Cyclone  
  54  8:04  SCV  
  59  8:11  Marauder  
  61  8:13  SCV  
  61  8:16  SCV  
  63  8:25  SCV  
  64  8:28  SCV  
  65  8:37  SCV  
  65  8:40  SCV  
  67  8:49  SCV  
  67  8:53  SCV  
  69  9:32  SCV  
  69  9:52  Combat Shields, Marine, Medivac  
  72  9:53  Stimpack, Terran Infantry Weapons Level 1  
  72  9:55  Starport  
  72  9:56  Supply Depot  
  72  9:58  Marine, Ghost Academy  
  71  10:01  Fusion Core  
  71  10:04  Marine, Engineering Bay  
  57  10:10  Marine  
  57  10:12  SCV  
  37  10:15  Marine, SCV  
  34  10:21  Marine  
  34  10:22  Raven  
  34  10:24  SCV  
  34  10:27  Marine  
  39  10:29  Terran Infantry Armor Level 1  
  39  10:31  Medivac  
  39  10:33  Marine  
  39  10:36  SCV  
  39  10:39  Marine  
  32  10:44  Missile Turret  
  32  10:45  Marauder  
  32  10:48  SCV  
  34  10:51  Marine  
  34  10:52  Command Center  
  34  10:57  Marine  
  35  11:00  SCV  
  35  11:02  Marine  
  38  11:04  Missile Turret, Starport Reactor  
  38  11:08  Marine  
  39  11:12  SCV  
  39  11:13  Armory  
  39  11:14  Marine  
  41  11:20  Marine  
  41  11:24  SCV  
  41  11:25  Refinery  
  43  11:26  Marauder  
  43  11:32  Marauder  
  47  11:33  Concussive Shells  
  47  11:36  SCV  
  47  11:38  Marine  
  43  11:44  Marine  
  36  11:48  SCV  
  36  11:49  Marine  
  35  11:55  Marine  
  35  12:00  SCV  
  36  12:01  Marine  
  36  12:04  SCV  
  36  12:08  Marauder  
  39  12:13  Marine, SCV  
  41  12:16  SCV  
  41  12:18  Marine  
  43  12:24  Marine  
  43  12:25  SCV  
  43  12:28  Missile Turret, SCV  
  45  12:30  Marine  
  45  12:33  Command Center  
  45  12:36  Marine  
  47  12:37  SCV  
  48  12:44  Marauder  
  50  12:57  SCV  
  50  13:00  SCV  
  51  13:09  SCV  
  51  13:10  Viking  
  14  13:29  SCV  
Tags
 
Composition
Swarm Host
League
Platinum
Matchup
TvZ
Spawn Locations
Cross Positions
Add a new tag
Caveats
  • Supply blocks, unpowered buildings, or Contaminate may cause inaccurate times.
  • Supply counts are checked every 10 seconds.